 Dungeon Crawl Stone Soup version 0.29.1-12-g30fa7ad0bf (webtiles) character file.

Game seed: 11241552575376346873

3567 Radix the Fighter (level 9, -1/85 HPs)
             Began as a Minotaur Fighter on Dec 20, 2022.
             Was an Initiate of the Shining One.
             Slain by a gnoll
             ... wielding a +0 halberd
              (9 damage)
             ... on level 8 of the Dungeon.
             The game lasted 00:36:34 (8841 turns).

Radix the Fighter (Minotaur Fighter)                Turns: 8841, Time: 00:36:34

Health: -1/85      AC: 11    Str: 25    XL:     9   Next: 84%
Magic:  8/8        EV:  8    Int:  5    God:    the Shining One [......]
Gold:   240        SH:  0    Dex: 10    Spells: 8/8 levels left

rFire   . . .      SeeInvis .   a - +0 war axe
rCold   . . .      Faith    .   c - +1 buckler
rNeg    . . .      Spirit   .   q - +0 chain mail
rPois   .          Reflect  .   (helmet restricted)
rElec   .          Harm     .   (no cloak)
rCorr   .          Rampage  .   (no gloves)
Will    ++...                   (no boots)
Stlth   ..........              (no amulet)
HPRegen 0.24/turn               j - ring of willpower
MPRegen 0.11/turn               G - ring of willpower

@: confused, ambrosia-drunk, glowing
A: horns 2, retaliatory headbutt
a: Renounce Religion


You were on level 8 of the Dungeon.
You worshipped the Shining One.
The Shining One was noncommittal.
You visited 2 branches of the dungeon, and saw 9 of its levels.
You also visited: Sewer.

You collected 240 gold pieces.

Inventory:

Hand Weapons
 a - a +0 war axe (weapon)
 i - a +0 war axe
 w - a +2 whip of flaming
 E - the +7 whip "Ceshrem" {vorpal, Dex+2}
   (You found it in a sewer)

   It inflicts extra damage upon your enemies.
   Dex:       It affects your dexterity (+2).
Missiles
 y - 2 poisoned darts (quivered)
 M - 2 curare-tipped darts
Armour
 b - a +0 scale mail
 c - a +1 buckler (worn)
 q - a +0 chain mail (worn)
Jewellery
 d - an amulet of magic regeneration
 j - a ring of willpower (left hand)
 o - a ring of fire
 D - an amulet of faith
 G - a ring of willpower (right hand)
Wands
 s - a wand of charming (8)
 t - a wand of flame (25)
 H - a wand of mindburst (10)
 L - a wand of iceblast (8)
 N - a wand of quicksilver (11)
Scrolls
 e - 3 scrolls of teleportation
 h - a scroll of brand weapon {unknown}
 k - 4 scrolls of amnesia
 m - 3 scrolls of fear {unknown}
 p - a scroll of enchant weapon {unknown}
 r - 4 scrolls of identify
 A - 4 scrolls of vulnerability {unknown}
 C - a scroll of fog
 J - a scroll of magic mapping {unknown}
 K - a scroll of silence {unknown}
Potions
 f - 2 potions of magic {unknown}
 g - 3 potions of degeneration
 n - 4 potions of mutation
 v - a potion of attraction
 x - a potion of heal wounds {unknown}
 z - a potion of resistance {unknown}
 B - a potion of lignification {unknown}
 F - a potion of brilliance {unknown}
 I - a potion of berserk rage {unknown}


   Skills:
 + Level 10.0 Fighting
 + Level 9.6 Axes
 - Level 4.2 Throwing
 + Level 8.4 Armour
 - Level 3.6 Shields
 + Level 3.6 Evocations


You had 8 spell levels left.
You didn't know any spells.
Your spell library contained the following spells:

 Spells                   Type           Power      Damage    Failure   Level
 Slow                     Hex            0%         N/A       98%         1
 Poisonous Vapours        Pois/Air       0%         N/A       99%         2
 Confusing Touch          Hex            0%         N/A       100%        3
 Gell's Gravitas          Tloc           0%         N/A       100%        3
 Teleport Other           Tloc           0%         N/A       100%        3
 Vampiric Draining        Necr           0%         2d6       100%        3
 Corpse Rot               Necr/Pois/Air  0%         N/A       100%        4
 Summon Forest            Summ/Tloc      0%         N/A       100%        5
 Yara's Violent Unravell  Hex/Tmut       0%         3d3       100%        5
 Dispersal                Tloc           0%         N/A       100%        6
 Eringya's Noxious Bog    Tmut/Pois      0%         N/A       100%        6
 Enfeeble                 Hex            0%         N/A       100%        7
 Summon Hydra             Summ           0%         N/A       100%        7


Dungeon Overview and Level Annotations

Branches:
Dungeon (8/15)             Temple (1/1) D:7           Sewer (visited)
   Lair: D:8-11

Altars:
Cheibriados
Fedhas
Gozag
Hepliaklqana
Kikubaaqudgha
Makhleb
Qazlal
Trog
Vehumet
Wu Jian
Yredelemnul
Zin
The Shining One

Shops:
D:6 *


Innate Abilities, Weirdness & Mutations

You have a pair of horns on your head.
You reflexively headbutt those who attack you in melee.


Message History

The orc wizard hits you but does no damage.
You kill the orc wizard!
The orc throws a stone.
The stone closely misses you.
Throw: 6 darts (poison)
Press: ? - help, Q - select action, (/) - cycle Shift-Dir - straight line, f - orc
Aim: an orc, wielding a +0 hand axe and quivering stones (64% to hit)
You throw a poisoned dart.
The poisoned dart closely misses the orc.
The poisoned dart hits the gnoll!
The gnoll is poisoned.
The orc throws a stone.
The stone barely misses you.
Throw: 5 darts (poison)
Press: ? - help, Q - select action, (/) - cycle Shift-Dir - straight line, f/p - orc
Aim: an orc, wielding a +0 hand axe and quivering stones (64% to hit)
You throw a poisoned dart. The poisoned dart hits the orc.
The orc is poisoned.
Throw: 4 darts (poison)
Press: ? - help, Q - select action, (/) - cycle Shift-Dir - straight line, f/p - orc
Aim: an orc, wielding a +0 hand axe and quivering stones (lightly wounded, poisoned, 64% to hit)
You throw a poisoned dart. The poisoned dart hits the orc!
The orc looks even sicker.
The orc is lightly wounded.
You kill the gnoll!
The orc closely misses you.
The orc throws a stone.
The stone closely misses you.
You kill the orc!
Throw: 3 darts (poison)
Press: ? - help, Q - select action, (/) - cycle Shift-Dir - straight line, f - gnoll
Aim: a gnoll, wielding a +0 halberd (heavily wounded, 68% to hit)
You throw a poisoned dart.
The poisoned dart barely misses the gnoll.
The orc priest mumbles some strange prayers to Beogh against you.
Beogh smites you!
* * * LOW HITPOINT WARNING * * *
The gnoll hits you from afar with a +0 halberd!
* * * LOW HITPOINT WARNING * * *
The gnoll barely misses you. You furiously retaliate!
You headbutt the gnoll, but do no damage.
You are confused.
You feel invigorated. The gnoll barely misses you.
The gnoll hits you from afar with a +0 halberd!
You die...

##########
#####...@.go.#
#<....######)#
####### #(#
##g# #..# ..
#.## .. #o# .#
#(# . . #.#


You could see an orc priest and a gnoll.

Vanquished Creatures
  Pikel (D:6)
  Joseph (D:7)
  Grinder (D:5)
  Sigmund (D:4)
  A steam dragon (D:7)
  Menkaure (D:4)
  Duvessa (D:7)
  2 orc warriors
  A black bear (D:4)
  An ice beast (D:7)
  2 ogres (D:5)
  2 lemures (D:6)
  2 phantoms
  Blork the orc (D:5)
  2 bullfrogs
  2 scorpions
  A necrophage (D:6)
  3 wights (D:6)
  Dowan (D:7)
  3 hounds
  A jelly (D:7)
  4 orc priests
  5 orc wizards
  4 iguanas
  Ijyb (D:3)
  Natasha (twice) (D:3)
  7 gnolls
  9 adders
  A river rat (D:5)
  3 shadow imps (D:7)
  2 white imps (D:6)
  An ufetubus (D:5)
  A dart slug (D:1)
  26 orcs
  10 ball pythons
  5 endoplasms
  17 giant cockroaches
  4 hobgoblins
  5 quokkas
  8 bats
  4 frilled lizards
  3 goblins
  5 kobolds
  12 rats
170 creatures vanquished.

Vanquished Creatures (others)
  17 plants (D:3)
17 creatures vanquished.

Grand Total: 187 creatures vanquished

Notes
Turn   | Place    | Note
-------+----------+-------------------------------------------
     0 | D:1      | Radix the Minotaur Fighter began the quest for the Orb.
     0 | D:1      | Reached XP level 1. HP: 19/19 MP: 0/0
    16 | D:1      | Noticed a great orb of eyes
    19 | D:1      | Found a faded altar of an unknown god.
    49 | D:1      | Noticed an eye of devastation
    94 | D:1      | Noticed a great orb of eyes
   101 | D:1      | Noticed a shining eye
   330 | D:1      | Reached XP level 2. HP: 20/27 MP: 1/1
   630 | D:1      | Reached skill level 4 in Fighting
   630 | D:1      | Reached skill level 1 in Throwing
   907 | D:2      | Reached XP level 3. HP: 33/33 MP: 2/2
  1305 | D:2      | Reached XP level 4. HP: 36/41 MP: 3/3
  1421 | D:2      | Reached XP level 5. HP: 8/47 MP: 4/4
  1860 | D:3      | Reached skill level 5 in Fighting
  2074 | D:3      | Found a basalt altar of Yredelemnul.
  2115 | D:3      | Noticed Ijyb
  2146 | D:3      | Killed Ijyb
  2309 | D:3      | Noticed Natasha
  2319 | D:3      | Killed Natasha
  2543 | D:3      | Found a radiant altar of Vehumet.
  2640 | D:3      | Noticed Natasha
  2651 | D:3      | Killed Natasha
  2652 | D:3      | Reached XP level 6. HP: 36/56 MP: 5/5
  3494 | D:4      | Reached skill level 5 in Axes
  3507 | D:4      | Reached skill level 6 in Fighting
  3685 | D:4      | Reached XP level 7. HP: 58/63 MP: 6/6
  3816 | D:4      | Noticed Menkaure
  3823 | D:4      | Killed Menkaure
  4047 | D:4      | Noticed Sigmund
  4058 | D:4      | Killed Sigmund
  4059 | D:4      | Reached skill level 7 in Fighting
  4421 | D:5      | Entered Level 5 of the Dungeon
  4444 | D:5      | Noticed Grinder
  4451 | D:5      | Paralysed by Grinder for 5 turns
  4452 | D:5      | Reached XP level 8. HP: 60/73 MP: 7/7
  4464 | D:5      | Killed Grinder
  4465 | D:5      | Reached skill level 5 in Armour
  4742 | D:5      | Found a glowing drain.
  4798 | Sewer    | Entered a sewer
  5020 | Sewer    | Identified the +7 whip "Ceshrem" {vorpal, Dex+2}
  5094 | D:5      | Reached skill level 8 in Fighting
  5412 | D:5      | Noticed Blork the orc
  5440 | D:5      | Killed Blork the orc
  6143 | D:6      | Found Gozag's Platinum Reserve.
  6143 | D:6      | Found an opulent altar of Gozag.
  6324 | D:6      | Noticed Pikel
  6363 | D:6      | Killed Pikel
  6364 | D:6      | Reached skill level 9 in Fighting
  6364 | D:6      | Reached skill level 1 in Evocations
  6364 | D:6      | Reached XP level 9. HP: 20/83 MP: 8/8
  7497 | D:7      | Found a staircase to the Ecumenical Temple.
  7509 | Temple   | Entered the Ecumenical Temple
  7614 | Temple   | Became a worshipper of the Shining One
  8099 | D:7      | Noticed Dowan
  8100 | D:7      | Noticed Duvessa
  8107 | D:7      | Killed Dowan
  8111 | D:7      | Killed Duvessa
  8437 | D:7      | Noticed Joseph
  8455 | D:7      | Killed Joseph
  8456 | D:7      | Reached skill level 10 in Fighting
  8838 | D:8      | HP: 2/85 [gnoll/+0 halberd (12)]
  8841 | D:8      | Slain by a gnoll

Illustrated notes

Levels and vault maps discovered:
D:1:      lemuel_arrival_hallway, layout_loops_ring,
          hellmonk_ecumenical_altar_watching_god
D:2:      minmay_roachtagon, layout_loops_ring
D:3:      layout_basic, mainiacjoe_overflow_cross_hatched,
          nicolae_vehumet_radiance, serial_curves, eino_curves_03,
          eino_curves_03, eino_curves_03, uniq_natasha, uniq_ijyb
D:4:      layout_loops_ring, uniq_sigmund, uniq_menkaure
D:5:      cheibrodos_quashed, layout_gridville, portal_sewer_entry_b,
          guppyfry_early_orc_mine, uniq_grinder, uniq_blork_the_orc
D:6:      layout_loops_cross, nicolae_gozag_zags_fifth_avenue, uniq_pikel
D:7:      layout_basic, temple_hall, uniq_joseph, uniq_duvessa
D:8:      layout_rooms, nicolae_uskayaw_suspiria
Temple:   compressed_dpeg_circular_temple

Skill      XL: |  1  2  3  4  5  6  7  8  9 |
---------------+----------------------------+-----
Fighting       | 4 5 6 7 9 10 | 10.0
Throwing       | 1 2 3 4 |  4.2
Axes           | 3 4 5 6 8 9 |  9.6
Armour         | 4 7 8 |  8.4
Evocations     | 1 3 |  3.6
Shields        | |  3.6

Action                   |  1- 3 |  4- 6 |  7- 9 || total
-------------------------+-------+-------+-------++-------
Melee: War axe           |    72 |   110 |   214 ||   396
       Headbutt          |    12 |    15 |    42 ||    69
Throw: Dart              |     1 |     6 |    28 ||    35
  Use: Scroll            |       |    14 |     1 ||    15
       Potion            |       |     1 |     8 ||     9
Armor: Scale mail        |    42 |    55 |    42 ||   139
       Chain mail        |       |       |    57 ||    57
Dodge: Dodged            |    43 |    54 |    78 ||   175
Block: Buckler           |    17 |    28 |    63 ||   108
